AoeStats
← paultse

Black Forest

510097367Analyzed
4v4 RM · 2d ago on Sep 29, 2026· 53m 38s· 8 players
Game mode
Random Map
Map size
Large (8 player)
Population
200
Speed
Normal
Resources
Standard
Victory
Conquest
Starting age
Dark Age
Ending age
Imperial Age
RankedLock teamsTeams togetherTeam positionsShared explorationLock speedFull tech treeHidden civsTurbo modeCheats
Victory
Defeat
🇨🇳 Japanese · China
1258
+12
🇨🇳 Bohemians · China
1249
+12
🇫🇷 Berbers · France
1208
+14
🇨🇳 Khmer · China
1108
+18
🇭🇰 Mongols · Hong Kong SAR China
1193
-15
🇹🇼 Spanish · Taiwan
1181
-15
🇨🇳 Persians · China
1166
-14
🇹🇼 Goths · Taiwan
1120
-12
stu060401
0:27 Loom
13:35 Feudal Age
17:24 Castle Age
15:21 Double-Bit Axe
16:08 Horse Collar
17:32 Town Watch
18:30 Bow Saw
24:57 Redemption
26:35 Fervor
27:23 Heavy Plow
27:51 Sanctity
29:00 Inquisition
31:05 Wheelbarrow
31:01 Town Patrol
35:29 Imperial Age
35:31 Gold Mining
35:32 Stone Mining
36:32 Block Printing
37:22 Theocracy
37:17 Illumination
39:57 Chemistry
39:33 Caravan
40:18 Thumb Ring
43:36 Stone Shaft Mining
paultse
10:34 Feudal Age
8:49 Loom
15:30 Castle Age
14:27 Double-Bit Axe
16:51 Stone Mining
17:53 Bow Saw
22:10 Wheelbarrow
21:23 Horse Collar
22:14 Gold Mining
24:04 Heavy Plow
26:07 Gold Shaft Mining
30:00 Imperial Age
28:20 Ballistics
27:53 Fletching
28:03 Padded Archer Armor
28:48 Hand Cart
29:02 Bodkin Arrow
29:09 Town Watch
29:50 Leather Archer Armor
29:17 Light Cavalry
30:13 Bloodlines
30:04 Husbandry
31:55 Bracer
31:17 Hussar
32:41 Parthian Tactics
32:37 Scale Barding Armor
32:43 Forging
32:59 Elite Mangudai
33:06 Capped Ram
34:34 Chain Barding Armor
35:38 Nomads
35:06 Siege Ram
37:05 Onager
47:32 Iron Casting
49:22 Chemistry
爺爺使把勁
1:48 Loom
12:05 Feudal Age
16:03 Castle Age
13:51 Man-at-Arms
14:56 Horse Collar
15:02 Double-Bit Axe
17:18 Heavy Plow
19:27 Scale Mail Armor
22:15 Bow Saw
24:06 Wheelbarrow
24:39 Squires
26:54 Gold Mining
26:54 Stone Mining
27:02 Stone Mining
31:15 Stone Shaft Mining
34:08 Imperial Age
32:19 Caravan
32:41 Forging
32:47 Chain Mail Armor
32:35 Treadmill Crane
32:22 Pikeman
32:24 Long Swordsman
33:32 Hand Cart
33:53 Anarchy
34:24 Ballistics
35:06 Iron Casting
35:32 Crop Rotation
36:14 Two-Man Saw
36:21 Conscription
37:11 Chemistry
37:23 Blast Furnace
37:51 Perfusion
37:54 Town Watch
39:20 Town Patrol
39:11 Elite Huskarl
5720638
1:13 Loom
11:15 Feudal Age
14:36 Castle Age
12:43 Double-Bit Axe
20:17 Fervor
26:14 Wheelbarrow
25:24 Town Watch
31:09 Imperial Age
29:29 Fletching
29:52 Bow Saw
30:39 Stone Mining
31:19 Bloodlines
32:44 Two-Man Saw
31:26 Horse Collar
32:28 Bodkin Arrow
32:56 Crossbowman
33:41 Thumb Ring
32:57 Elite Skirmisher
34:42 Chemistry
34:03 Ballistics
35:02 Conscription
35:06 Kamandaran
35:17 Citadels
35:23 Padded Archer Armor
35:31 Gold Mining
35:51 Capped Ram
37:31 Light Cavalry
38:13 Husbandry
39:35 Leather Archer Armor
40:02 Scale Barding Armor
41:11 Ring Archer Armor
40:53 Forging
40:05 Hussar
42:51 Scale Barding Armor
43:22 Iron Casting
42:20 Siege Ram
44:22 Cavalier
46:04 Savar
47:25 Chain Barding Armor
48:06 Blast Furnace
野 人
1:43 Loom
11:31 Feudal Age
12:48 Town Watch
13:15 Man-at-Arms
14:58 Horse Collar
16:11 Double-Bit Axe
18:40 Scale Mail Armor
22:38 Castle Age
20:31 Stone Mining
26:34 Wheelbarrow
27:33 Bow Saw
32:50 Hand Cart
36:25 Imperial Age
34:39 Heavy Plow
34:48 Yasama
36:02 Chain Mail Armor
35:42 Pikeman
37:01 Caravan
37:15 Forging
36:57 Fletching
38:12 Chemistry
37:20 Gold Mining
37:38 Guard Tower
38:38 Ballistics
38:30 Treadmill Crane
39:53 Conscription
38:59 Long Swordsman
39:01 Halberdier
39:44 Squires
40:43 Gold Shaft Mining
40:47 Plate Mail Armor
40:52 Iron Casting
41:08 Masonry
41:35 Keep
40:33 Elite Samurai
41:17 Bodkin Arrow
42:41 Blast Furnace
43:01 Bracer
44:15 Hoardings
44:04 Murder Holes
43:54 Arrowslits
43:52 Two-Handed Swordsman
48:09 Coinage
47:17 Champion
48:27 Gambesons
49:30 Fortified Wall
51:01 Banking
Alexiỗs
1:24 Loom
11:30 Feudal Age
15:37 Castle Age
14:56 Double-Bit Axe
16:05 Scale Barding Armor
16:34 Bow Saw
16:08 Horse Collar
18:46 Heavy Plow
25:03 Wheelbarrow
24:22 Gold Mining
25:17 Stone Mining
26:23 Hand Cart
30:38 Imperial Age
28:43 Ballistics
28:36 Fortified Wall
29:17 Stone Shaft Mining
28:44 Fletching
28:55 Padded Archer Armor
29:10 Bloodlines
29:54 Husbandry
29:50 Bodkin Arrow
29:57 Padded Archer Armor
30:16 Masonry
30:43 Thumb Ring
30:51 Kasbah
31:36 Gold Shaft Mining
32:25 Chemistry
32:13 Crop Rotation
32:08 Conscription
32:17 Leather Archer Armor
32:10 Treadmill Crane
32:00 Elite Camel Archer
33:22 Maghrebi Camels
33:29 Bracer
34:42 Siege Engineers
35:21 Ring Archer Armor
34:58 Scale Barding Armor
35:03 Forging
34:23 Light Cavalry
35:37 Town Watch
37:02 Coinage
37:31 Chain Barding Armor
37:23 Caravan
38:08 Hoardings
37:52 Arrowslits
38:49 Iron Casting
40:04 Plate Barding Armor
40:54 Coinage
40:35 Guilds
41:22 Hussar
43:51 Blast Furnace
44:57 Banking
Kyrieluo
10:36 Feudal Age
14:25 Castle Age
12:18 Double-Bit Axe
13:12 Horse Collar
16:30 Loom
18:47 Bow Saw
23:59 Wheelbarrow
29:33 Imperial Age
27:37 Hand Cart
27:08 Town Watch
28:35 Chemistry
28:05 Heavy Plow
27:56 Fletching
28:56 Ballistics
29:08 Wagenburg Tactics
29:34 Bodkin Arrow
29:39 Padded Archer Armor
29:36 Murder Holes
30:11 Town Patrol
31:41 Two-Man Saw
31:32 Scale Mail Armor
31:44 Forging
31:42 Scale Barding Armor
31:41 Bracer
31:51 Forging
31:47 Scale Barding Armor
31:46 Scale Mail Armor
31:56 Forging
32:54 Conscription
32:16 Pikeman
32:56 Squires
32:42 Arson
33:25 Chain Mail Armor
33:16 Siege Engineers
33:55 Devotion
33:21 Halberdier
35:23 Plate Mail Armor
35:28 Iron Casting
34:49 Houfnice
38:11 Bombard Tower
40:53 Hussite Reforms
42:09 Blast Furnace
41:25 Leather Archer Armor
41:21 Masonry
42:59 Architecture
45:41 Ring Archer Armor
45:23 Guilds
44:55 Sappers
51:54 Scale Barding Armor
52:14 Redemption
52:04 Atonement
52:15 Fervor
52:26 Sanctity
52:26 Faith
52:31 Illumination
52:22 Block Printing
52:28 Heresy
52:03 Herbal Medicine
52:43 Theocracy
52:03 Herbal Medicine
秋秋风落叶
0:28 Loom
11:18 Feudal Age
16:55 Castle Age
15:31 Double-Bit Axe
15:54 Horse Collar
22:15 Bow Saw
25:10 Bloodlines
25:01 Husbandry
26:37 Heavy Plow
30:35 Gold Mining
30:36 Stone Mining
31:23 Wheelbarrow
30:35 Town Watch
30:29 Light Cavalry
32:56 Scale Barding Armor
33:02 Forging
32:43 Fletching
33:16 Fortified Wall
33:18 Masonry
37:09 Imperial Age
35:37 Chain Barding Armor
35:53 Iron Casting
35:14 Bodkin Arrow
35:59 Hand Cart
36:32 Stone Shaft Mining
36:33 Gold Shaft Mining
38:09 Town Patrol
37:33 Heavy Scorpion
37:35 Capped Ram
38:37 Conscription
38:20 Double Crossbow
37:48 Hussar
39:09 Plate Barding Armor
39:38 Siege Ram
41:22 Blast Furnace
40:23 Bracer
40:46 Ballistics
41:27 Chemistry
40:43 Siege Engineers
45:37 Sanctity
46:47 Caravan
52:26 Coinage
Connection lost

Rejoining the realm…

Still unreachable

The connection could not be restored.

Session expired

The server has moved on; the page needs a fresh start.